 Dungeon Crawl Stone Soup version 0.20.0-14-g326068f (webtiles) character file.

107 theemperora the Grave Robber (level 4, -1/30 HPs)
             Began as a Mummy Necromancer on June 8, 2017.
             Slain by dscm's ghost (4 damage)
             ... on level 4 of the Dungeon.
             The game lasted 00:15:25 (2694 turns).

theemperora the Grave Robber (Mummy Necromancer)    Turns: 2694, Time: 00:15:26

Health: -1/30      AC:  2    Str: 15    XL:     4   Next: 57%
Magic:  10/10      EV: 12    Int: 15    God:
Gold:   139        SH:  0    Dex: 12    Spells: 9/11 levels left

rFire    x . .     SeeInvis .   M - +3 dagger "Sifev" {flame, Str+4}
rCold    + . .     Gourm    .   (no shield)
rNeg     + + +     Faith    .   z - +0 robe
rPois    ∞         Spirit   .   (no helmet)
rElec    .         Reflect  .   (no cloak)
rCorr    .         Harm     .   (no gloves)
MR       .....                  (no boots)
Stlth    ++........             (no amulet)
Regen    0.1/turn               (no ring)
MPRegen  0.2/turn               (no ring)

@: no status effects
A: no food or potions, fire vulnerability, cold resistance 1, negative energy
resistance 3, torment resistance, unbreathing
a: no special abilities


You were on level 4 of the Dungeon.
You were not hungry.

You visited 1 branch of the dungeon, and saw 4 of its levels.

You collected 139 gold pieces.

Inventory:

Hand Weapons
 d - a +0 dagger
 f - a +0 short sword
 h - a +0 club
 i - a +0 club
 j - a cursed -3 club
 k - a +0 club
 l - a cursed +0 mace
 n - a +0 whip
 o - a +0 dagger
 r - a +0 club
 t - a +0 club
 u - a +0 club
 w - a +0 club
 x - a +0 whip
 y - a +0 club
 C - a +0 spear
 H - a +0 club
 I - a +0 hand axe
 K - a +0 hand axe
 M - the +3 dagger "Sifev" (weapon) {flame, Str+4}
   (You found it on level 4 of the Dungeon)

   It has been specially enchanted to burn those struck by it, causing extra
   injury to most foes and up to half again as much damage against particularly
   susceptible opponents.
   It affects your strength (+4).
 S - a +0 short sword
Missiles
 g - 118 stones (quivered)
 v - 11 sling bullets
 A - 10 poisoned needles
 P - 19 bolts
Armour
 a - a +0 robe
 q - a +0 robe
 z - a +0 robe (worn)
 D - a +0 scale mail
 F - a +0 leather armour
 J - a +0 leather armour
 L - a +0 leather armour
 N - a +0 chain mail
 O - a +0 leather armour
 Q - a +0 helmet
 R - a +0 ring mail
Jewellery
 m - a +1 ring of evasion {unknown}
Scrolls
 c - 3 scrolls of magic mapping {unknown}
 s - a scroll of teleportation {unknown}
 B - 4 scrolls of identify {unknown}
Potions
 e - 2 potions of heal wounds {unknown}
 p - 2 potions of brilliance {unknown}
 E - 2 potions of haste {unknown}
 G - a potion of agility {unknown}
Books
 b - a book of Necromancy

   Spells                             Type                      Level
   a - Pain                           Necromancy                   1
   b - Animate Skeleton               Necromancy                   1
   c - Vampiric Draining              Necromancy                   3
   d - Regeneration                   Charms/Necromancy            3
   e - Animate Dead                   Necromancy                   4
   f - Control Undead                 Necromancy                   4
Comestibles
 T - a royal jelly


   Skills:
 + Level 0.2 Fighting
 + Level 0.4 Short Blades
 + Level 1.8 Dodging
 + Level 1.6 Stealth
 + Level 4.2 Spellcasting
 + Level 5.0 Necromancy


You had 9 spell levels left.
You knew the following spells:

 Your Spells              Type           Power        Failure   Level  Hunger
a - Pain                  Necr           ###.         2%          1    N/A
b - Animate Skeleton      Necr           N/A          2%          1    N/A

Dungeon Overview and Level Annotations

Branches:
Dungeon (4/15)
 Temple: D:4-7

Altars:

Annotations:
D:4 dscm's ghost, weakling DsAs


Innate Abilities, Weirdness & Mutations

You do not eat or drink.
Your flesh is vulnerable to fire.
You are immune to poison.
Your flesh is cold resistant. (rC+)
You are immune to negative energy. (rN+++)
You are immune to unholy pain and torment.
You can survive without breathing.


Message History

Dscm's ghost is lightly damaged.
Dscm's ghost hits you.
* * * LOW HITPOINT WARNING * * *
The iguana misses you.
You hit dscm's ghost. You burn dscm's ghost.
Dscm's ghost is moderately damaged.
Dscm's ghost hits you but does no damage.
The iguana closely misses you.
You closely miss dscm's ghost.
Dscm's ghost is moderately damaged.
Dscm's ghost hits you.
* * * LOW HITPOINT WARNING * * *
The iguana barely misses you.
You hit dscm's ghost. You burn dscm's ghost.
Dscm's ghost is moderately damaged.
Dscm's ghost closely misses you.
You hit dscm's ghost. You burn dscm's ghost.
Dscm's ghost is heavily damaged.
The iguana misses you. Dscm's ghost hits you.
You die...

###............#........##...#
............####...........###
..........### #....###....#
##........# #....# ####.#
###..#...# #...## #.####
#..##..# #..## #.#..#
#.####..# #..# #...# .## ##..#
#Wl# ##.## #. #># #@## #..##
#.# #.##.### #.# #.# ##..# ###
#.# #### ##


You could see an iguana and dscm's ghost.

Vanquished Creatures
  An adder (D:2)
  2 oozes (D:1)
  A dart slug (D:1)
  A leopard gecko (D:2)
  4 orcs (D:3)
  4 bats
  3 giant cockroaches
  6 goblins
  9 hobgoblins
  7 jackals (D:1)
  6 kobolds
  A quokka (D:3)
  4 frilled lizards
  3 rats
52 creatures vanquished.

Vanquished Creatures (collateral kills)
  Jessica (D:2)
  A giant cockroach (D:2)
  A rat (D:3)
3 creatures vanquished.

Grand Total: 55 creatures vanquished

Notes
Turn   | Place    | Note
-------+----------+-------------------------------------------
     0 | D:1      | theemperora the Mummy Necromancer began the quest for the Orb.
     0 | D:1      | Reached XP level 1. HP: 13/13 MP: 4/4
   387 | D:1      | Reached XP level 2. HP: 19/19 MP: 3/5
   393 | D:1      | Learned a level 1 spell: Animate Skeleton
   877 | D:1      | Reached XP level 3. HP: 16/24 MP: 4/7
  1320 | D:2      | Noticed Jessica
  1334 | D:2      | Killed Jessica
  1334 | D:2      | Reached XP level 4. HP: 17/30 MP: 3/9
  1644 | D:2      | Reached skill level 5 in Necromancy
  2094 | D:4      | Got a twisted dagger
  2095 | D:4      | Identified the +3 dagger "Sifev" {flame, Str+4} (You found it on level 4 of the Dungeon)
  2627 | D:4      | Noticed dscm's ghost (weakling DsAs)
  2694 | D:4      | Slain by dscm's ghost

Skill      XL: |  1  2  3  4 |
---------------+-------------+-----
Spellcasting   | 3 4 |  4.2
Necromancy     | 5 |  5.0
Fighting       | |  0.2
Short Blades   | |  0.4
Dodging        | |  1.8
Stealth        | |  1.6

Action                   |  1- 3 |  4- 6 || total
-------------------------+-------+-------++-------
Melee: Short sword       |    58 |    16 ||    74
       Dagger            |       |    11 ||    11
 Cast: Pain              |    49 |    24 ||    73
       Animate Skeleton  |     8 |     6 ||    14
Armor: Robe              |    16 |    16 ||    32
Dodge: Dodged            |    73 |    48 ||   121
